Map: King's Cove LE

Players

Ziggy - Winner!

  • Race: Terran Terran
  • Spawn Location: 11:00

Vanya

  • Race: Zerg Zerg
  • Spawn Location: 5:00

Event: 2019 WCS Summer

VOD

Have the link to the VOD?

Description

Time

  • Played on: July 12, 2019, 11:41 a.m.
  • Length: 14:46

All games in this series

Show
View Real Time Build Order
Export as new Build Order

Ziggy Terran - Winner!

Build Orders:  

Get SALT Encoding   

  12  0:00  SCV  
  13  0:12  SCV  
  14  0:18  Supply Depot  
  14  0:24  SCV  
  15  0:39  SCV  
  16  0:42  Barracks  
  16  0:44  Refinery  
  16  0:51  SCV  
  17  1:00  Barracks  
  17  1:04  SCV  
  18  1:16  SCV  
  19  1:29  Orbital Command, Reaper  
  20  1:37  Barracks  
  20  1:45  Refinery  
  20  1:47  Reaper  
  21  1:55  Supply Depot  
  21  1:59  SCV  
  22  2:04  Reaper  
  23  2:17  SCV  
  23  2:19  Reaper  
  25  2:25  Reaper  
  26  2:37  Reaper  
  26  2:41  Command Center  
  27  2:49  Supply Depot  
  27  2:51  Reaper  
  28  2:55  SCV  
  29  3:02  Reaper  
  30  3:07  SCV  
  31  3:13  Reaper  
  31  3:19  SCV  
  33  3:23  Reaper  
  34  3:34  Reaper  
  34  3:36  Barracks x2, SCV  
  36  3:45  Reaper  
  38  3:48  SCV  
  38  3:55  Orbital Command, Reaper  
  39  4:00  SCV  
  40  4:06  Reaper  
  40  4:09  Engineering Bay  
  40  4:12  SCV  
  41  4:17  Reaper  
  41  4:20  Refinery  
  41  4:22  SCV  
  43  4:24  SCV  
  43  4:26  Reaper  
  43  4:27  Reaper  
  46  4:34  SCV, Reaper  
  48  4:38  Reaper  
  48  4:42  SCV  
  48  4:45  Supply Depot  
  50  4:50  Supply Depot  
  50  4:52  Terran Infantry Weapons Level 1  
  50  4:55  SCV  
  50  4:57  Reaper  
  52  5:00  SCV  
  52  5:04  Reaper  
  54  5:07  SCV  
  54  5:08  Refinery  
  54  5:10  Reaper  
  54  5:12  SCV  
  57  5:17  Reaper  
  57  5:19  SCV  
  59  5:24  SCV  
  59  5:25  Reaper  
  61  5:31  SCV  
  62  5:36  SCV, Factory  
  62  5:39  Reaper  
  61  5:43  SCV  
  61  5:48  SCV  
  60  5:52  Barracks Tech Lab  
  58  5:57  SCV  
  58  6:02  Barracks Reactor, Barracks Tech Lab  
  58  6:04  Command Center  
  56  6:05  SCV  
  56  6:08  Barracks Tech Lab  
  56  6:10  SCV  
  57  6:15  Stimpack  
  57  6:17  SCV  
  57  6:18  Barracks Reactor  
  58  6:22  SCV  
  59  6:29  SCV  
  59  6:31  Factory Tech Lab  
  61  6:33  Marauder x3  
  61  6:35  SCV  
  64  6:41  Engineering Bay  
  64  6:42  Armory, SCV  
  64  6:44  Starport  
  64  6:46  Marine x2  
  67  6:48  SCV, Terran Infantry Armor Level 1  
  67  6:52  Supply Depot  
  67  6:53  Marine  
  67  6:54  Siege Tank, SCV  
  70  7:00  SCV  
  74  7:02  Supply Depot  
  74  7:06  SCV  
  74  7:08  Marine x3  
  77  7:13  Refinery x2, SCV  
  77  7:14  Marauder  
  81  7:16  Supply Depot  
  81  7:18  SCV  
  81  7:22  Starport Reactor  
  81  7:25  SCV  
  81  7:29  Siege Tank, Marine x2  
  89  7:30  Marauder, SCV  
  89  7:33  Terran Infantry Weapons Level 2  
  90  7:40  Missile Turret x2  
  90  7:41  Marine  
  91  7:45  Missile Turret  
  91  7:49  Marine x2  
  93  7:52  Marine x2  
  90  7:58  Marine  
  90  7:59  Marine x2  
  90  8:02  Orbital Command  
  91  8:07  Marine  
  91  8:12  Marine x2, Missile Turret  
  90  8:14  Medivac x2  
  90  8:18  SCV x2  
  94  8:24  Marine x4  
  94  8:25  Marauder  
  81  8:36  Marine x2  
  81  8:37  SCV  
  77  8:42  Siege Tank, Marauder  
  77  8:44  SCV  
  77  8:45  Marine  
  77  8:46  Marauder  
  79  8:51  Marine x2  
  79  8:53  Combat Shield  
  80  8:56  SCV  
  80  8:59  Marine  
  80  9:00  Marine  
  80  9:04  Medivac x2  
  80  9:05  SCV x2  
  80  9:06  Terran Infantry Armor Level 2  
  80  9:08  SCV  
  87  9:11  Marine  
  87  9:12  Marine  
  89  9:17  SCV x2  
  89  9:20  Siege Tank  
  89  9:21  SCV  
  96  9:29  SCV  
  96  9:30  Marauder x2, Barracks Reactor  
  100  9:33  SCV x2  
  100  9:34  Medivac x2  
  100  9:35  Marine  
  107  9:41  SCV  
  107  9:44  Marine  
  107  9:45  Marauder, SCV  
  104  9:51  Marauder, Marine  
  104  9:52  Siege Tank  
  103  9:53  Marine  
  95  10:02  Marine  
  95  10:05  SCV  
  95  10:06  Marauder  
  94  10:08  Marine  
  94  10:10  Marine x2  
  94  10:13  Marauder  
  98  10:15  SCV  
  98  10:16  Concussive Shells  
  98  10:18  SCV  
  100  10:22  Orbital Command  
  100  10:25  Marine x2  
  100  10:27  Marauder  
  100  10:28  Marauder  
  106  10:30  Marine  
  106  10:34  Marauder  
  107  10:36  SCV x2  
  107  10:37  Marine  
  107  10:38  Terran Infantry Weapons Level 3  
  110  10:43  Marine  
  110  10:48  Marauder, SCV  
  110  10:49  Marine, SCV  
  116  10:56  Supply Depot  
  116  10:58  Siege Tank  
  116  11:00  Supply Depot  
  119  11:07  Marine  
  119  11:08  Marine, Marauder  
  119  11:09  Marauder  
  121  11:16  Medivac x2  
  123  11:20  SCV  
  123  11:23  SCV x2  
  124  11:26  Marauder, Marine  
  124  11:31  Siege Tank, Marine, Marauder  
  130  11:37  Marine x2  
  130  11:38  Marauder  
  131  11:40  SCV  
  131  11:44  Marine, SCV  
  134  11:52  SCV x2  
  137  11:55  Marine  
  137  11:56  Missile Turret x2  
  137  12:00  SCV, Supply Depot  
  138  12:02  Supply Depot  
  138  12:03  Supply Depot  
  138  12:04  SCV  
  138  12:05  Liberator x2  
  139  12:10  Starport  
  139  12:13  Command Center  
  139  12:19  Marine x2  
  139  12:22  Marine  
  147  12:24  Marauder  
  147  12:28  Supply Depot x2  
  147  12:29  Refinery  
  150  12:30  Refinery  
  150  12:36  Marine  
  152  12:37  Marauder  
  148  12:45  Marauder, Marine  
  148  12:50  Siege Tank  
  154  12:51  Starport Reactor  
  154  12:53  SCV x3  
  154  12:55  Marine  
  154  12:56  Marauder  
  160  12:59  Ghost Academy  
  160  13:01  Barracks  
  160  13:03  Barracks, Marine  
  160  13:04  Marauder, Marine  
  164  13:11  Marine  
  164  13:12  Marauder  
  167  13:16  Marine  
  167  13:17  Marauder  
  170  13:20  Viking x2  
  166  13:27  Liberator x2  
  166  13:29  Marine x2  
  166  13:30  Marauder  
  166  13:32  Marine  
  166  13:33  Marine  
  167  13:38  Marauder  
  165  13:44  Siege Tank  
  165  13:47  Marine  
  174  13:58  Marine  
  174  13:59  Marauder  
  174  14:02  Marauder, Marine x2  
  181  14:06  Marine x2  
  180  14:16  Marine  
  181  14:19  Marine  
  181  14:20  Marine x2  
  181  14:24  Marauder, Marine x2  
Show
View Real Time Build Order
Export as new Build Order

Vanya Zerg 

Build Orders: Hatch First 

Get SALT Encoding   

  12  0:01  Drone  
  13  0:12  Overlord  
  13  0:18  Drone  
  14  0:31  Drone x2  
  16  0:49  Hatchery  
  15  0:52  Drone  
  15  0:55  Drone  
  17  0:59  Drone  
  18  1:09  Extractor  
  17  1:15  Spawning Pool  
  17  1:18  Drone  
  17  1:21  Drone  
  18  1:29  Drone  
  19  1:39  Drone  
  20  1:50  Drone  
  21  2:02  Queen x2  
  21  2:03  Zergling x4  
  27  2:16  Overlord, Roach Warren  
  27  2:17  Extractor  
  27  2:20  Drone  
  26  2:23  Drone  
  27  2:34  Drone  
  27  2:35  Overlord  
  27  2:37  Drone  
  29  2:46  Drone, Overlord  
  30  2:59  Roach x2  
  30  3:05  Roach x2  
  36  3:12  Roach  
  38  3:13  Drone  
  39  3:20  Overlord  
  39  3:23  Drone x2  
  39  3:26  Ravager  
  40  3:29  Drone  
  40  3:32  Roach  
  40  3:33  Ravager  
  44  3:37  Drone  
  44  3:40  Drone  
  46  3:45  Overlord  
  46  3:46  Drone  
  47  3:49  Drone  
  47  3:51  Drone  
  49  3:56  Roach  
  49  4:01  Roach  
  53  4:06  Drone, Ravager  
  53  4:08  Queen  
  57  4:13  Drone x2  
  59  4:21  Drone x3  
  62  4:25  Drone  
  62  4:26  Drone  
  64  4:31  Extractor  
  64  4:35  Roach x2  
  67  4:40  Lair  
  67  4:49  Overlord  
  67  4:51  Drone  
  68  4:57  Hatchery  
  68  4:58  Drone  
  68  5:03  Overlord  
  68  5:11  Drone x2  
  70  5:16  Extractor  
  70  5:17  Roach x2  
  73  5:24  Roach x2  
  73  5:27  Drone x2  
  73  5:28  Drone  
  80  5:32  Overlord  
  80  5:39  Roach x2  
  72  5:46  Roach  
  71  5:50  Roach  
  71  5:55  Spire  
  71  5:56  Roach x3  
  69  5:58  Roach x2  
  69  6:02  Roach x2  
  69  6:04  Roach  
  69  6:08  Glial Reconstitution  
  69  6:10  Roach  
  71  6:16  Roach x2  
  75  6:25  Roach  
  75  6:27  Ravager  
  75  6:31  Drone  
  73  6:35  Drone x2  
  73  6:37  Drone  
  73  6:38  Drone x2  
  78  6:40  Drone x2  
  78  6:45  Overlord  
  78  6:46  Drone x2  
  82  7:08  Mutalisk x5  
  82  7:09  Mutalisk x2  
  82  7:11  Overlord x2  
  82  7:13  Roach x3  
  102  7:22  Ravager, Overlord  
  103  7:23  Drone  
  103  7:24  Roach  
  103  7:28  Overlord  
  103  7:29  Queen  
  108  7:32  Roach x2  
  108  7:35  Overlord  
  112  7:38  Roach  
  112  7:42  Roach x2  
  118  7:47  Roach x2  
  122  7:59  Roach  
  122  8:00  Roach x2  
  122  8:01  Overlord  
  122  8:03  Ravager x2  
  122  8:04  Roach x2  
  134  8:09  Overlord  
  134  8:11  Roach x2  
  134  8:12  Roach  
  138  8:14  Overlord  
  132  8:21  Roach x2  
  132  8:23  Roach  
  134  8:27  Roach x2  
  134  8:31  Roach x2  
  114  8:35  Roach x2  
  114  8:38  Roach  
  100  8:44  Roach x2  
  100  8:45  Roach x2  
  100  8:47  Roach x2  
  106  8:54  Roach  
  108  8:58  Roach x2  
  108  8:59  Roach x2  
  108  9:02  Roach  
  110  9:08  Roach x2  
  112  9:12  Roach x2  
  116  9:18  Hatchery, Roach x2  
  116  9:20  Ravager  
  116  9:21  Roach  
  116  9:22  Overlord  
  122  9:25  Roach  
  122  9:29  Roach x2  
  126  9:35  Drone x3, Extractor  
  126  9:36  Roach  
  126  9:37  Roach  
  132  9:45  Roach x2  
  128  9:46  Roach x2  
  128  9:49  Roach  
  128  9:53  Drone x2  
  128  9:58  Evolution Chamber  
  125  10:00  Drone, Evolution Chamber  
  125  10:01  Drone x2  
  125  10:05  Drone  
  125  10:07  Drone  
  119  10:08  Drone  
  119  10:09  Drone  
  119  10:11  Drone  
  119  10:12  Extractor  
  119  10:14  Infestation Pit, Drone  
  122  10:18  Drone  
  122  10:20  Drone  
  119  10:24  Drone  
  120  10:32  Roach x2  
  120  10:34  Zerg Missile Weapons Level 1, Zerg Ground Armor Level 1  
  122  10:39  Roach x2  
  122  10:40  Metabolic Boost  
  122  10:42  Drone x2, Baneling Nest  
  127  10:44  Drone  
  128  10:53  Ravager x2  
  128  10:54  Ravager  
  128  10:56  Drone x7  
  138  11:02  Drone, Ravager  
  144  11:04  Roach x2  
  144  11:09  Zergling x4  
  133  11:13  Zergling x2  
  133  11:14  Zergling x4  
  133  11:16  Zergling x2  
  133  11:17  Zergling x2  
  122  11:20  Zergling x4  
  122  11:21  Zergling x2  
  122  11:23  Zergling x2  
  122  11:24  Zergling x6  
  117  11:27  Zergling x2  
  117  11:28  Zergling x4  
  117  11:29  Roach  
  119  11:33  Roach  
  119  11:36  Roach x2  
  119  11:38  Roach  
  116  11:43  Zergling x2  
  116  11:46  Hive  
  111  11:48  Zergling x2, Roach  
  111  11:50  Roach  
  111  11:53  Roach  
  116  11:55  Baneling x2, Ravager  
  116  11:56  Baneling x7  
  116  11:57  Centrifical Hooks  
  116  11:59  Roach x2  
  121  12:01  Queen  
  121  12:02  Queen  
  121  12:03  Drone  
  121  12:06  Roach  
  128  12:08  Roach x2  
  128  12:10  Ravager x2  
  128  12:11  Zergling x8  
  128  12:13  Drone  
  128  12:14  Drone  
  140  12:16  Zergling x4  
  140  12:17  Extractor  
  141  12:23  Zergling x2  
  141  12:25  Hatchery  
  141  12:26  Zergling x4  
  141  12:27  Zergling x2  
  144  12:32  Zergling x4  
  144  12:33  Zergling x6  
  144  12:35  Zergling x2  
  148  12:38  Zergling x2  
  148  12:40  Zergling x2  
  141  12:44  Zergling x4  
  141  12:50  Zergling x4  
  141  12:51  Zergling x4  
  147  12:52  Ravager x2  
  147  12:53  Ravager  
  147  12:55  Baneling x2  
  147  12:57  Zergling x4  
  147  12:58  Zergling x2  
  153  13:00  Zergling x2  
  154  13:06  Baneling x2  
  154  13:07  Adrenal Glands  
  154  13:10  Extractor  
  154  13:12  Drone x3  
  156  13:15  Zergling x6  
  156  13:19  Zergling x6  
  159  13:23  Zergling x4  
  154  13:29  Hatchery  
  154  13:31  Zergling x4, Roach  
  153  13:35  Zergling x2  
  153  13:40  Zergling x6  
  145  13:45  Zergling x2  
  144  13:50  Ravager x2  
  144  13:51  Zergling x6  
  144  13:53  Ravager  
  145  13:56  Drone  
  145  13:58  Drone x2  
  147  14:03  Zergling x2  
  147  14:08  Zergling x6  
  143  14:11  Ravager x2  
  143  14:12  Zergling x4  
  143  14:15  Zergling x4  
  146  14:22  Zergling x4  
  146  14:23  Zergling x4  
Tags
 
Add a new tag
Caveats
  • Supply blocks, unpowered buildings, or Contaminate may cause inaccurate times.
  • Supply counts are checked every 10 seconds.